 Dungeon Crawl Stone Soup version 0.19-a0-1732-g0b18a7b (webtiles) character file.

86 4thArraOfDagon the Sneak (level 4, 0/23 HPs)
             Began as a Spriggan Monk on Sept 30, 2016.
             Was a Believer of Ashenzari.
             Shot with an arrow by a centaur (11 damage)
             ... on level 8 of the Dungeon.
             The game lasted 00:08:02 (1376 turns).

4thArraOfDagon the Sneak (Spriggan Monk)            Turns: 1376, Time: 00:08:03

Health: 0/23       AC:  2    Str: 12    XL:     4   Next: 26%
Magic:  5/5        EV: 20    Int: 12    God:    Ashenzari [**....]
Gold:   132        SH:  0    Dex: 18    Spells: 0 memorised, 3 levels left

rFire  x . .     SeeInvis +     k - +1 rapier (drain)
rCold  + . .     Gourm    .     b - +0 robe
rNeg   . . .     Faith    .     (shield restricted)
rPois  .         Spirit   .     (helmet restricted)
rElec  .         Dismiss  .     (no cloak)
rCorr  .         Reflect  .     (gloves unavailable)
MR     .....     Harm     .     (boots unavailable)
Stlth  ++++......               (no amulet)
                                (no ring)
                                f - ring of ice

@: mighty, very quick
A: unfitting armour, see invisible, herbivore 3, speed 3, slow metabolism 2
a: Curse Item, Scrying, Renounce Religion


You were on level 8 of the Dungeon.
You worshipped Ashenzari.
Ashenzari was pleased with you.
You were not hungry.

You visited 2 branches of the dungeon, and saw 9 of its levels.
You also visited: Ossuary.

You collected 132 gold pieces.

Inventory:

Hand Weapons
 a - a +0 short sword
 k - a +1 rapier of draining (weapon)
Missiles
 l - a throwing net (quivered)
Armour
 b - a +0 robe (worn)
Jewellery
 f - a ring of ice (left hand)
Wands
 d - a wand of random effects (24/48)
Scrolls
 e - a scroll of teleportation
 g - a scroll of fear
 h - a scroll of recharging
 j - a scroll of magic mapping {unknown}
 o - 2 scrolls of remove curse
 p - 2 scrolls of immolation {unknown}
 r - a scroll of blinking {unknown}
Potions
 n - a potion of cancellation
Books
 i - a book of Callings

   Spells                             Type                      Level
   a - Summon Small Mammal            Summoning                    1
   b - Call Imp                       Summoning                    2
   c - Call Canine Familiar           Summoning                    3
   d - Summon Guardian Golem          Hexes/Summoning              3
   e - Summon Lightning Spire         Summoning/Air                4
   f - Summon Ice Beast               Ice/Summoning                4
Comestibles
 c - a bread ration


   Skills:
 - Level 2.4 Fighting
 * Level 4.3 Short Blades
 + Level 4.9 Dodging
 * Level 5.4 Stealth


You had 3 spell levels left.
You didn't know any spells.

Dungeon Overview and Level Annotations

Branches:
Dungeon (8/15)             Temple (1/1) D:5
   Lair: D:8-11

Altars:
Ashenzari
Fedhas
Nemelex Xobeh
Okawaru
Qazlal
Trog
Uskayaw
Vehumet
Yredelemnul
Zin
The Shining One

Annotations:
D:8 Grum


Innate Abilities, Weirdness & Mutations

You are very small and have problems with some larger weapons.
You are too small for most types of armour.
You have supernaturally acute eyesight. (SInv)
You are a herbivore.
You cover ground extremely quickly.
You need consume almost no food.


Message History

You feel less woody.
Your +0 robe unmelds from your body.
You swing at nothing.
You swing at nothing.
You swing at nothing.
You swing at nothing.
You swing at nothing.
Wield which item (- for none, * to show all)? (? for menu, Esc to quit)
You sense an unholy aura.
k - a +1 rapier of draining (weapon)
You are confused.
You feel invigorated.
You feel less invigorated.
You feel less confused.
The centaur shouts!
The centaur wields a shortbow.
The centaur shoots an arrow.
The arrow hits you!
Ouch! That really hurt!
You see here an arrow.
The centaur shoots an arrow.
The arrow hits you!
You die...

* * .......*
#....c..#* , #.......#
, #.......# ,
#.......# #####** * *
#.......####.#...
#=..........>... ,,
#.......@# ###.#
#.......(###.#.####.##
#.....................
*,
#........#####.####.#*
*
#.................#,**
##############....# *
, , #....#,* #....#
#....#


You could see a centaur.

Vanquished Creatures
  A worker ant (D:5)
  A mummy (Ossuary)
  A worker ant zombie (D:8)
  3 adders
  2 orcs
  4 hobgoblin zombies (Ossuary)
  2 kobold zombies (Ossuary)
  2 orc zombies (Ossuary)
  A rat (D:2)
17 creatures vanquished.

Notes
Turn   | Place    | Note
-------+----------+-------------------------------------------
     0 | D:1      | 4thArraOfDagon the Spriggan Monk began the quest for the Orb.
     0 | D:1      | Reached XP level 1. HP: 11/11 MP: 2/2
   148 | D:4      | Noticed a scorpion
   190 | D:5      | Entered Level 5 of the Dungeon
   202 | D:5      | Found a basalt altar of Yredelemnul.
   249 | D:4      | Reached XP level 2. HP: 16/16 MP: 3/3
   301 | D:5      | Reached skill level 4 in Stealth
   301 | D:5      | Reached XP level 3. HP: 19/19 MP: 4/4
   452 | D:5      | Found a staircase to the Ecumenical Temple.
   457 | Temple   | Entered the Ecumenical Temple
   476 | Temple   | Became a worshipper of Ashenzari the Shackled
   476 | Temple   | Reached * piety under Ashenzari
   476 | Temple   | Reached ** piety under Ashenzari
   592 | D:6      | Found a sand-covered staircase.
   598 | Ossuary  | Entered an ossuary
   948 | D:6      | Reached skill level 5 in Stealth
   998 | D:6      | Reached XP level 4. HP: 7/23 MP: 5/5
  1003 | D:6      | Got the uncursed ring mail "Koif" {-Cast Str+9 Int-4 Slay+6}
  1102 | D:6      | Noticed a bullfrog
  1166 | D:7      | HP: 1/23 [orc priest/divine providence (12)]
  1210 | D:8      | Noticed Grum
  1211 | D:8      | Noticed a wolf
  1211 | D:8      | Noticed a wolf
  1240 | D:8      | Found a radiant altar of Vehumet.
  1310 | D:8      | Noticed a centaur
  1376 | D:8      | Shot with an arrow by a centaur

Vault maps used:
D:1:      dpeg_arrival_tiny_f
D:2:      gammafunk_temple_overflow_pools, lemuel_crystal_altar,
          roderic_curled_sauvastika
D:3:      first_bread, minivault_11
D:4:      kennysheep_generic_room_14
D:5:      yredelemnul_altar_generic
D:6:      nicolae_ossuary_entry_plus
D:8:      grunt_temple_overflow_octagram, overflow_temple_1_default, uniq_grum
Temple:   jpeg_temple_island
Ossuary:  ossuary_zaba_two_paths

Skill      XL: |  1  2  3 |
---------------+----------+-----
Short Blades   | 4 |  4.3
Stealth        | 4 5 |  5.4
Fighting       | |  2.4
Dodging        | |  4.9

Action                   |  1- 3 |  4- 6 || total
-------------------------+-------+-------++-------
Melee: Short sword       |    39 |       ||    39
       Rapier            |       |     8 ||     8
Evoke: Wand              |    16 |       ||    16
  Use: Potion            |     2 |     5 ||     7
       Scroll            |     5 |     3 ||     8
 Stab: Sleeping          |     5 |       ||     5
Armor: Robe              |     1 |       ||     1
Dodge: Dodged            |    48 |     9 ||    57
